 Dungeon Crawl Stone Soup version 0.25-a0-822-g6581751b11 (webtiles) character file.

Game seed: 10137233363583175920, levelgen mode: deterministic

68 kae the Ruffian (level 4, -3/35 HPs)
             Began as a Draconian Transmuter on Apr 20, 2020.
             Slain by a gnoll (7 damage)
             ... on level 3 of the Dungeon.
             The game lasted 00:02:27 (2077 turns).

kae the Ruffian (Draconian Transmuter)              Turns: 2077, Time: 00:02:28

Health: -3/35      AC:  5    Str: 13    XL:     4   Next: 1%
Magic:  1/7        EV: 12    Int: 13    God:
Gold:   90         SH:  0    Dex: 12    Spells: 2/8 levels left

rFire    + . .     SeeInvis .     - Unarmed
rCold    . . .     Gourm    .   (no shield)
rNeg     . . .     Faith    .   (armour unavailable)
rPois    .         Spirit   .   (helmet restricted)
rElec    .         Reflect  .   (no cloak)
rCorr    .         Harm     .   (no gloves)
MR       .....                  (no boots)
Stlth    +.........             (no amulet)
HPRegen  0.11/turn              d - ring of protection from fire
MPRegen  0.10/turn              (no ring)

@: mighty, brilliant, berserk cooldown, very slightly contaminated, slowed, very
slow
A: unfitting armour, cold-blooded, AC +5
a: no special abilities


You were on level 3 of the Dungeon.
You were not hungry.

You visited 1 branch of the dungeon, and saw 3 of its levels.

You collected 90 gold pieces.

Inventory:

Missiles
 a - 10 arrows
Jewellery
 d - a ring of protection from fire (left hand)
 f - an uncursed ring of fire
 j - a cursed ring of attention
Scrolls
 i - a scroll of teleportation
Potions
 b - 2 potions of curing
 e - a potion of invisibility
Comestibles
 c - 3 rations
 k - 2 chunks of flesh


   Skills:
 - Level 1.1 Fighting
 - Level 1.7 Dodging
 * Level 4.1 Unarmed Combat
 + Level 2.5 Spellcasting
 + Level 2.7 Transmutations


You had 2 spell levels left.
You knew the following spells:

 Your Spells              Type           Power        Failure   Level  Hunger
a - Beastly Appendage     Tmut           ##....       8%          1    None
b - Sticks to Snakes      Tmut           ##......     12%         2    None
c - Spider Form           Tmut/Pois      #.........   38%         3    None

Your spell library contained the following spells:

 Spells                   Type           Power        Failure   Level  Hunger
 Ice Form                 Ice/Tmut       #.......     80%         4    None
 Blade Hands              Tmut           ##........   91%         5    None


Dungeon Overview and Level Annotations

Branches:
Dungeon (3/15)

Altars:


Innate Abilities, Weirdness & Mutations

Your plain brown scales are hard. (AC +5)
You cannot fit into any form of body armour.
You are cold-blooded and may be slowed by cold attacks.


Message History

Casting: Spider Form (dangerous; 38% risk of failure)
Confirm with . or Enter, or press ? or * to list all spells.
You feel a surge of power!
You miscast Spider Form.
Nothing appears to happen.
You flicker for a moment.
The gnoll misses you. The gnoll hits you.
* * * LOW HITPOINT WARNING * * *
Found a stone staircase leading down.
You punch the gnoll!
Your tail-slap misses the gnoll.
The gnoll is severely wounded.
You flicker back into view.
The gnoll shouts!
The gnoll hits you.
* * * LOW HITPOINT WARNING * * *
The gnoll closely misses you.
You closely miss the gnoll.
The gnoll is severely wounded.
A rat comes into view.
The gnoll hits you!
You die...

#.<.........###
#...<.....#.### .......
#.........#...# .......
##.........##.# .......
#....)....^##.## $......
#..............# .......
......[........##..>....
........................
................@......>
...............gg.......
........#...............
......##................
...............#........
.......#########........
.....### #........
......# #....r...
......# .......


You could see 2 gnolls and a rat.

Vanquished Creatures
  A gnoll (D:3)
  3 dart slugs
  A leopard gecko (D:1)
  A giant cockroach (D:3)
  6 goblins
  4 hobgoblins
  A quokka (D:2)
  7 bats
  3 frilled lizards
  6 kobolds
  14 rats
47 creatures vanquished.

Vanquished Creatures (collateral kills)
  2 worms
  A kobold (D:3)
  A rat (D:3)
4 creatures vanquished.

Grand Total: 51 creatures vanquished

Notes
Turn   | Place    | Note
-------+----------+-------------------------------------------
     0 | D:1      | kae the Draconian Transmuter began the quest for the Orb.
     0 | D:1      | Reached XP level 1. HP: 16/16 MP: 3/3
   144 | D:1      | Reached XP level 2. HP: 21/23 MP: 3/5
   742 | D:1      | Learned a level 2 spell: Sticks to Snakes
   857 | D:2      | Reached XP level 3. HP: 24/28 MP: 6/6
  1900 | D:3      | Reached skill level 4 in Unarmed Combat
  2044 | D:3      | Learned a level 3 spell: Spider Form
  2053 | D:3      | Reached XP level 4. HP: 8/35 MP: 0/7
  2077 | D:3      | Slain by a gnoll

Levels and vault maps discovered:
D:1:      onia_arrival_pyramid, layout_basic
D:2:      cheibrodos_helix_gallery, layout_loops_corners
D:3:      layout_rooms, portal_sewer_entry_f, uniq_crazy_yiuf_cottage

Skill      XL: |  1  2  3 |
---------------+----------+-----
Unarmed Combat | 4 |  4.1
Fighting       | |  1.1
Dodging        | |  1.7
Spellcasting   | |  2.5
Transmutations | |  2.7

Action                   |  1- 3 |  4- 6 || total
-------------------------+-------+-------++-------
Melee: Unarmed           |   143 |     2 ||   145
       Headbutt          |     9 |       ||     9
       Kick              |    11 |       ||    11
       Tailslap          |     7 |       ||     7
       Punch             |     1 |       ||     1
 Cast: Beastly Appendage |    30 |       ||    30
       Sticks to Snakes  |     2 |       ||     2
       Spider Form       |     1 |       ||     1
  Use: Scroll            |     7 |       ||     7
       Potion            |       |     4 ||     4
  Eat: Chunk             |     5 |       ||     5
Armor: Skin              |    49 |       ||    49
Dodge: Dodged            |    92 |     2 ||    94

Table legend:
 A = Non-vault XP
 B = Vault XP
 C = Vault XP percentage of total XP
 D = Non-vault monster count
 E = Vault monster count
 F = Vault count percentage of total count
                 A         B        C        D         E       F
            +---------+---------+-------+---------+---------+-------
      Total |      95 |       3 |   3.1 |      49 |       2 |   3.9
            +---------+---------+-------+---------+---------+-------
        D:1 |      37 |       0 |   0.0 |      23 |       0 |   0.0
        D:2 |      30 |       3 |   9.1 |      18 |       2 |  10.0
        D:3 |      28 |       0 |   0.0 |       8 |       0 |   0.0
            +---------+---------+-------+---------+---------+-------
